 Dungeon Crawl Stone Soup version 0.24-a0-67-ga78bd38 (console) character file.

Game seed: 7291035300021499893

14654 Duffy the Destroyer (level 12, 110/110 HPs)
             Began as a Naga Fire Elementalist on Feb 5, 2019.
             Was a High Priest of Vehumet.
             Quit the game on level 1 of the Lair of Beasts.
             The game lasted 00:24:47 (16858 turns).

Duffy the Destroyer (Naga Fire Elementalist)       Turns: 16858, Time: 00:24:48

Health: 110/110    AC: 11    Str: 14    XL:     12   Next: 18%
Magic:  24/24      EV:  9    Int: 20    God:    Vehumet [*****.]
Gold:   1216       SH:  5    Dex: 12    Spells: 20/28 levels left

rFire    . . .     SeeInvis +   L - +8 mace (protect)
rCold    . . .     Gourm    .   (no shield)
rNeg     . . .     Faith    .   y - +3 ring mail
rPois    +         Spirit   .   p - +0 helmet
rElec    .         Reflect  +   t - scarf {cloud immunity}
rCorr    .         Harm     .   W - +0 pair of gloves
MR       +....                  (no barding)
Stlth    +.........             F - +5 amulet of reflection
HPRegen  0.28/turn              V - +3 ring of strength
MPRegen  0.19/turn              (no ring)

@: very slightly contaminated, very slow
A: large, see invisible, deformed body, poison resistance, slowness 2, slow
metabolism 1, spit poison 1, AC +4
a: Spit Poison, Renounce Religion


You were on level 1 of the Lair of Beasts.
You worshipped Vehumet.
Vehumet was extremely pleased with you.
You were full.

You visited 3 branches of the dungeon, and saw 12 of its levels.
You also visited: Ossuary.

You collected 1216 gold pieces.

Inventory:

Hand Weapons
 a - a +1 dagger of venom
 B - a +5 club
 L - a +8 mace of protection (weapon)
 R - a +1 dagger of electrocution
Armour
 f - a scarf of repulsion
 l - a +0 pair of gloves
 p - a +0 helmet (worn)
 q - a +0 cloak
 t - a scarf of cloud immunity (worn)
 v - a +0 leather armour of cold resistance
 y - a +3 ring mail (worn)
 U - a +2 cloak
 W - a +0 pair of gloves (worn)
Jewellery
 E - an uncursed amulet of the gourmand
 F - a +5 amulet of reflection (around neck)
 K - a +3 amulet of reflection
 T - an uncursed amulet of faith
 V - a +3 ring of strength (left hand)
Wands
 A - a wand of scattershot (6)
 C - a wand of random effects (39)
 G - a wand of acid (4)
 H - a wand of paralysis (3)
 N - a wand of polymorph (4)
 Y - a wand of flame (3)
 Z - a wand of enslavement (3)
Scrolls
 g - 2 scrolls of enchant armour
 h - a scroll of amnesia
 i - 5 scrolls of teleportation
 j - a scroll of enchant weapon
 k - 3 scrolls of magic mapping
 o - a scroll of random uselessness
 r - 3 scrolls of noise
 x - 2 scrolls of blinking
 z - 2 scrolls of remove curse
 I - a scroll of fear
 J - a scroll of fog
 O - a scroll of torment
 S - 3 scrolls of immolation
Potions
 b - 3 potions of haste
 d - 2 potions of magic
 e - 3 potions of lignification
 m - 5 potions of brilliance
 n - 9 potions of heal wounds
 s - 2 potions of curing
 u - a potion of mutation
 w - 4 potions of agility
 D - 3 potions of berserk rage
 M - a potion of degeneration {unknown}
 P - a potion of experience {unknown}
 Q - 2 potions of might {unknown}
 X - a potion of cancellation {unknown}
Comestibles
 c - 16 rations


   Skills:
 - Level 8.0 Fighting
 - Level 3.0 Dodging
 - Level 3.0 Stealth
 + Level 8.8 Spellcasting
 + Level 9.9 Conjurations
 + Level 9.8 Fire Magic
 - Level 6.0 Evocations


You had 20 spell levels left.
You knew the following spells:

 Your Spells              Type           Power        Failure   Level  Hunger
h - Flame Tongue          Conj/Fire      #####        1%          1    None
j - Sticky Flame          Conj/Fire      #####...     1%          4    ###....
l - Conjure Flame         Conj/Fire      #####...     1%          3    None

Your spell library contained the following spells:

 Spells                   Type           Power        Failure   Level  Hunger
 Irradiate                Conj/Tmut      ####......   16%         5    #####..
 Throw Flame              Conj/Fire      #####.       1%          2    None
 Inner Flame              Hex/Fire       ####....     1%          3    None
 Fireball                 Conj/Fire      #####.....   2%          5    #####..
 Confusing Touch          Hex            #.....       16%         1    None
 Confuse                  Hex            #.......     43%         3    None
 Gell's Gravitas          Tloc           #.........   43%         3    None
 Conjure Ball Lightning   Conj/Air       ####......   58%         6    ######.
 Yara's Violent Unravell  Hex/Tmut       #.........   71%         5    #####..
 Petrify                  Tmut/Erth      #.......     85%         4    ###....
 Summon Lightning Spire   Summ/Air       #.......     85%         4    ###....
 Metabolic Englaciation   Hex/Ice        #.........   99%         5    #####..
 Silence                  Hex/Air        #.........   99%         5    #####..
 Deflect Missiles         Chrm/Air       #.........   100%        6    ######.
 Tornado                  Air            #.........   100%        9    #######


Dungeon Overview and Level Annotations

Branches:
Dungeon (10/15)            Temple (1/1) D:4            Lair (1/6) D:10
    Orc (0/2) D:10

Altars:
Ashenzari
Cheibriados
Dithmenos
Elyvilon
Fedhas
Gozag
Hepliaklqana
Kikubaaqudgha
Makhleb
Nemelex Xobeh
Okawaru
Qazlal
Ru
Sif Muna
Trog
Uskayaw
Vehumet
Wu Jian
Xom
Yredelemnul
Zin
The Shining One


Innate Abilities, Weirdness & Mutations

You cannot wear boots.
Your serpentine skin is tough. (AC +4)
You have supernaturally acute eyesight. (SInv)
Armour fits poorly on your strangely shaped body.
Your system is resistant to poisons. (rPois)
You cover ground very slowly.
You have a slow metabolism.
You can spit poison.


Message History

Press: ? - help, Dir - move target cursor You are very lightly contaminated with residual magic.
As you read the scroll labeled BAKHLEAMM WOSA, it crumbles to dust.
It was a scroll of blinking.
As you read the scroll labeled TIMUDO LYFIUMEIDA, it crumbles to dust.
You hear a loud clanging noise!
It was a scroll of noise.
As you read the scroll labeled JUIBEE TATHRECH, it crumbles to dust.
Your +7 mace of protection glows dark cobalt blue for a moment.
It was a scroll of random uselessness.
As you read the scroll labeled YXOSUA ITOASUI, it crumbles to dust.
You feel aware of your surroundings.
It was a scroll of magic mapping.
As you read the scroll labeled GOAZ EREAQAIP, it crumbles to dust.
It is a scroll of enchant weapon.
Your +7 mace of protection glows red for a moment.
As you read the scroll labeled SUOMAV QUIGUTS, it crumbles to dust.
It is a scroll of amnesia.
Forget Fireball, freeing 5 spell levels for a total of 20?
Your memory of Fireball unravels.
Are you sure you want to abandon this character and quit the game? (Confirm with "yes".)

*** *,,* **,** ###.. ***,***+**
*,,* ##.# *,,,,,,,,* ### *,** #..#
*,,,,,,,,##*#.####+######## #..#
*,,,,,,,,+?##............P# ##...
*,,,,,,,,#...#...........####....
*,,,,,,,,###...............#8.8#.
*,,,,,,,,* #.............##.....#
*,,,,,,,,* #.#.@.....(....##8.8##
*,*****+** #.+...}.......####..##
*****,,,* ###..%........# ##..#
***,,,** ###%######.## #..#.
****,,,****** ##..# *## ##.##
,,,,,,,,,,,,* #.#.###### #.##
,,,,,,,,,,,,*####..+P.##.#######.#.
,,,,,,,,,,,,*#............##.#...#.
,,,,,,,,,,,,*#............##.#...#.


There were no monsters in sight!

Vanquished Creatures
  3 two-headed ogres
  An unseen horror (D:9)
  Pikel (D:8)
  Joseph (D:10)
  Maurice (D:9)
  Psyche (D:8)
  5 spiny frogs (Lair:1)
  2 komodo dragons
  Grinder (D:6)
  A hippogriff (D:9)
  2 wyverns
  Grum (D:8)
  Menkaure (D:6)
  A water moccasin (D:10)
  5 porcupines
  A sky beast (D:9)
  9 orc warriors
  5 ice beasts
  6 black bears
  5 ogres
  3 wolves (D:8)
  A phantom (D:7)
  9 crocodiles
  Blork the orc (D:6)
  10 centaurs
  A gnoll sergeant (D:7)
  4 bullfrogs
  6 scorpions
  4 killer bees (D:8)
  3 wights (D:8)
  3 howler monkeys (D:9)
  8 crimson imps
  A centaur zombie (D:7)
  2 hounds
  A jelly (D:10)
  10 orc priests
  3 bullfrog skeletons
  13 orc wizards
  2 centaur skeletons
  A human zombie (D:7)
  Ijyb (D:4)
  6 iguanas
  7 worker ants
  A hound zombie (D:9)
  2 hound skeletons
  14 mummies (Ossuary)
  7 gnolls (D:7)
  A howler monkey skeleton (D:10)
  12 adders
  An adder zombie (D:7)
  4 worms
  10 dart slugs
  3 leopard geckos
  49 orcs
  7 giant cockroaches
  5 goblins
  6 hobgoblins
  14 jackals
  4 quokkas
  A ball python (D:3)
  6 bats
  10 frilled lizards
  A gnoll skeleton (Ossuary)
  3 jackal skeletons
  8 kobolds
  A kobold skeleton (Ossuary)
  10 orc skeletons
  An orc zombie (D:7)
  9 rats
  11 rat skeletons (Ossuary)
354 creatures vanquished.

Vanquished Creatures (others)
  An orc wizard (D:8)
  2 orcs (D:8)
  24 fungi (D:10)
  6 plants (D:10)
33 creatures vanquished.

Grand Total: 387 creatures vanquished

Notes
Turn   | Place    | Note
-------+----------+-------------------------------------------
     0 | D:1      | Duffy the Naga Fire Elementalist began the quest for the
                  | Orb.
     0 | D:1      | Reached XP level 1. HP: 15/15 MP: 3/3
   292 | D:1      | Reached XP level 2. HP: 17/22 MP: 5/5
   881 | D:1      | Reached XP level 3. HP: 28/28 MP: 3/6
  1054 | D:1      | Learned a level 3 spell: Conjure Flame
  1621 | D:2      | Found a bloodstained altar of Trog.
  1903 | D:3      | Reached XP level 4. HP: 30/36 MP: 3/7
  2120 | D:3      | Found a white marble altar of Elyvilon.
  2284 | D:3      | Found a faded altar of an unknown god.
  2532 | D:3      | Learned a level 4 spell: Sticky Flame
  2735 | D:3      | Reached XP level 5. HP: 42/42 MP: 6/8
  2758 | D:3      | Noticed an ice beast
  3547 | D:4      | Found a staircase to the Ecumenical Temple.
  3552 | Temple   | Entered the Ecumenical Temple
  3776 | Temple   | Became a worshipper of Vehumet
  3997 | D:4      | Noticed Ijyb
  4004 | D:4      | Killed Ijyb
  4004 | D:4      | Reached XP level 6. HP: 48/49 MP: 3/10
  4223 | D:4      | Found a shimmering altar of Xom.
  4224 | D:4      | Found a hazy altar of Hepliaklqana.
  4224 | D:4      | Noticed a torpor snail
  4225 | D:4      | Noticed a spectral ugly thing
  4225 | D:4      | Noticed a torpor snail
  4707 | D:4      | Found a glowing silver altar of Zin.
  4793 | D:3      | Killed an ice beast
  4793 | D:3      | Reached XP level 7. HP: 37/55 MP: 5/12
  4970 | D:3      | Learned a level 5 spell: Fireball
  4998 | D:5      | Entered Level 5 of the Dungeon
  5072 | D:5      | Reached skill level 5 in Conjurations
  5072 | D:5      | Reached skill level 5 in Fire Magic
  5185 | D:5      | Found a basalt altar of Yredelemnul.
  5637 | D:5      | Found an opulent altar of Gozag.
  5730 | D:5      | Reached XP level 8. HP: 44/62 MP: 6/15
  5926 | D:5      | Reached skill level 5 in Spellcasting
  6100 | D:5      | Found an ornate altar of the Wu Jian Council.
  6331 | D:6      | Found a sacrificial altar of Ru.
  6332 | D:6      | Found a shadowy altar of Dithmenos.
  6371 | D:6      | Reached * piety under Vehumet
  6371 | D:6      | Offered knowledge of Shock by Vehumet.
  6609 | D:6      | Noticed Menkaure
  6616 | D:6      | Killed Menkaure
  6711 | D:6      | Noticed Blork the orc
  6720 | D:6      | Killed Blork the orc
  6834 | D:6      | Noticed Grinder
  6846 | D:6      | Killed Grinder
  7078 | D:6      | Found a hide-covered altar of Uskayaw.
  7078 | D:6      | Found a shattered altar of Ashenzari.
  7179 | D:7      | Reached XP level 9. HP: 62/68 MP: 12/17
  7345 | D:7      | Found a sand-covered staircase.
  7363 | Ossuary  | Entered an ossuary
  7537 | Ossuary  | Offered knowledge of Searing Ray by Vehumet.
  7540 | Ossuary  | Reached ** piety under Vehumet
  8241 | D:7      | Offered knowledge of Ignite Poison by Vehumet.
  8938 | D:7      | Reached *** piety under Vehumet
  9671 | D:8      | Noticed Psyche
  9679 | D:8      | Killed Psyche
  9679 | D:8      | Reached XP level 10. HP: 68/75 MP: 12/21
  9908 | D:8      | Noticed Grum
  9939 | D:8      | Killed Grum
  9955 | D:8      | Noticed a two-headed ogre
 10091 | D:8      | Offered knowledge of Olgreb's Toxic Radiance by Vehumet.
 10095 | D:8      | Killed a two-headed ogre
 10254 | D:8      | Found a stormy altar of Qazlal.
 10266 | D:8      | Noticed Pikel
 10274 | D:8      | Killed Pikel
 10274 | D:8      | Reached skill level 1 in Fighting
 10274 | D:8      | Reached skill level 1 in Evocations
 11351 | D:8      | Found a sparkling altar of Nemelex Xobeh.
 11351 | D:8      | Found a deep blue altar of Sif Muna.
 11719 | D:9      | Reached **** piety under Vehumet
 11755 | D:9      | Noticed Maurice
 11953 | D:9      | Killed Maurice
 11953 | D:9      | Reached XP level 11. HP: 57/93 MP: 4/23
 12565 | D:9      | Noticed a two-headed ogre
 12575 | D:9      | Killed a two-headed ogre
 12575 | D:9      | Reached skill level 5 in Fighting
 12575 | D:9      | Reached skill level 5 in Evocations
 12933 | D:9      | Offered knowledge of Airstrike by Vehumet.
 13559 | D:10     | Entered Level 10 of the Dungeon
 13803 | D:10     | Noticed an unseen horror
 13804 | D:10     | Noticed a two-headed ogre
 13820 | D:9      | Killed an unseen horror
 13949 | D:9      | Killed a two-headed ogre
 14980 | D:10     | Found a staircase to the Lair.
 15173 | D:10     | Noticed Joseph
 15184 | D:10     | Killed Joseph
 15498 | D:10     | Found a staircase to the Orcish Mines.
 15863 | Lair:1   | Entered Level 1 of the Lair of Beasts
 15878 | D:10     | Reached XP level 12. HP: 19/110 MP: 8/24
 16205 | Lair:1   | Reached ***** piety under Vehumet
 16322 | Lair:1   | Offered knowledge of Irradiate by Vehumet.
 16858 | Lair:1   | Quit the game

Vault maps used:
D:1:      matt_arrival_los_fun, serial_bayou, serial_bayou_shore_b,
          serial_bayou_shore_a, serial_bayou_lake_a, serial_bayou_pond_e
D:2:      bloody_trog
D:3:      kennysheep_slugbush, elyvilon_altar_4, first_ration,
          chequers_ecumenical_altar_simple, minmay_pentangle
D:4:      regret_index_temple_of_mockery, zin_statuary, temple_doors_e,
          minmay_cupped, uniq_ijyb
D:5:      kennysheep_mini_moat, lemuel_doored_altar, marbit_many_paths
D:6:      kennysheep_mini, gammafunk_temple_overflow_statue, basic_altar,
          uniq_menkaure, uniq_blork_the_orc, uniq_grinder
D:7:      nicolae_ossuary_entry_catacombs
D:8:      minmay_goldmine, nicolae_qazlal_style_of_elements,
          gammafunk_temple_overflow_pools, uniq_grum, uniq_psyche, uniq_pikel
D:9:      centaur_isle, uniq_maurice
D:10:     due_lair_maze_entry_diamond, david_orc_4, uniq_joseph
Temple:   compressed_dpeg_triangle_lava_temple
Lair:1:   small_statue_intersection, beast_lair_carwin_6
Ossuary:  ossuary_due_small_catacomb

Skill      XL: |  1  2  3  4  5  6  7  8  9 10 11 |
---------------+----------------------------------+-----
Conjurations   | 2 3 4 5 6 8 9 |  9.9
Spellcasting   | 3 4 5 7 8 |  8.8
Fire Magic     | 4 5 6 8 9 |  9.8
Fighting       | 4 8 |  8.0
Evocations     | 4 6 |  6.0
Dodging        | 3 |  3.0
Stealth        | |  3.0

Action                   |  1- 3 |  4- 6 |  7- 9 | 10-12 || total
-------------------------+-------+-------+-------+-------++-------
Melee: Dagger            |       |       |    76 |       ||    76
       Mace              |       |       |    61 |   244 ||   305
 Cast: Flame Tongue      |    50 |   115 |   220 |    65 ||   450
       Conjure Flame     |       |     1 |    17 |     9 ||    27
       Sticky Flame      |       |       |    11 |    57 ||    68
       Fireball          |       |       |     3 |    42 ||    45
 Abil: Spit Poison       |    23 |    29 |    18 |     7 ||    77
Evoke: Wand              |       |       |       |    17 ||    17
  Use: Scroll            |       |     6 |     5 |    12 ||    23
       Potion            |       |       |       |     1 ||     1
 Stab: Sleeping          |       |       |     2 |       ||     2
       Paralysed         |       |       |       |     3 ||     3
  Eat: Chunk             |     4 |     9 |    27 |    40 ||    80
Armor: Robe              |     4 |     2 |       |       ||     6
       Leather armour    |       |    21 |    55 |       ||    76
       Ring mail         |       |       |    13 |   218 ||   231
Dodge: Dodged            |    20 |    42 |    77 |   207 ||   346
       Deflected         |     2 |     5 |       |       ||     7
Block: Other             |       |       |    12 |    36 ||    48
       Reflection        |       |       |       |     1 ||     1

Table legend:
 A = Non-vault XP
 B = Vault XP
 C = Vault XP percentage of total XP
 D = Non-vault monster count
 E = Vault monster count
 F = Vault count percentage of total count
                 A         B        C        D         E       F
            +---------+---------+-------+---------+---------+-------
      Total |   12745 |    8190 |  39.1 |     237 |     117 |  33.1
            +---------+---------+-------+---------+---------+-------
        D:1 |      44 |       0 |   0.0 |      27 |       0 |   0.0
        D:2 |      35 |       0 |   0.0 |      11 |       0 |   0.0
        D:3 |     225 |      41 |  15.4 |      31 |      11 |  26.2
        D:4 |     292 |      53 |  15.4 |      22 |       4 |  15.4
        D:5 |     891 |       0 |   0.0 |      21 |       0 |   0.0
        D:6 |     136 |     547 |  80.1 |       9 |       3 |  25.0
        D:7 |    1351 |      42 |   3.0 |      34 |       6 |  15.0
        D:8 |    2391 |    2002 |  45.6 |      30 |      17 |  36.2
        D:9 |    4299 |    1594 |  27.0 |      28 |      11 |  28.2
       D:10 |    1015 |    2658 |  72.4 |      17 |      28 |  62.2
     Lair:1 |    2066 |     983 |  32.2 |       7 |       4 |  36.4
    Ossuary |       0 |     270 | 100.0 |       0 |      33 | 100.0
            +---------+---------+-------+---------+---------+-------
